 Dungeon Crawl Stone Soup version 0.22-a0-422-g9628fc8 (webtiles) character file.

175 Kairos the Shield-Bearer (level 5, 0/28 HPs)
             Began as a Vine Stalker Fighter on May 19, 2018.
             Slain by Crazy Yiuf
             ... wielding a +2 quarterstaff of chaos
              (1 damage)
             ... on level 3 of the Dungeon.
             The game lasted 00:02:29 (2484 turns).

Kairos the Shield-Bearer (Vine Stalker Fighter)     Turns: 2484, Time: 00:02:30

Health: 0/28       AC:  9    Str: 20    XL:     5   Next: 55%
Magic:  0/6        EV:  5    Int: 12    God:
Gold:   174        SH:  9    Dex: 13    Spells: 4/4 levels left

rFire    . . .     SeeInvis .   a - +0 war axe
rCold    . . .     Gourm    .   c - +0 shield
rNeg     . . .     Faith    .   k - +0 chain mail
rPois    .         Spirit   +   (no helmet)
rElec    .         Reflect  .   (no cloak)
rCorr    .         Harm     .   (no gloves)
MR       .....                  (no boots)
Stlth    ..........             g - amulet of the acrobat
HPRegen  0.49/turn              q - +4 ring of intelligence
MPRegen  0.10/turn              (no ring)

@: lethally poisoned (0 -> -3), slowed, very slow
A: fangs 2, regeneration 1, magic shield, antimagic bite, no potion heal 3, rot
immunity
a: no special abilities


You were on level 3 of the Dungeon.
You were hungry.

You visited 1 branch of the dungeon, and saw 3 of its levels.

You collected 174 gold pieces.

Inventory:

Hand Weapons
 a - a +0 war axe (weapon)
Armour
 b - a +0 scale mail
 c - a +0 shield (worn)
 k - a +0 chain mail (worn)
Jewellery
 g - an amulet of the acrobat (around neck)
 q - a +4 ring of intelligence (left hand)
Scrolls
 e - 3 scrolls of teleportation
 h - a scroll of fog {unknown}
 j - a scroll of enchant weapon {unknown}
 n - a scroll of remove curse
 o - a scroll of blinking
 p - a scroll of enchant armour {unknown}
 r - a scroll of amnesia {unknown}
Potions
 d - 2 potions of might
 i - a potion of heal wounds {unknown}
 l - a potion of invisibility {unknown}
 m - 2 potions of curing {unknown}
Comestibles
 f - 3 rations


   Skills:
 + Level 3.2 Fighting
 + Level 3.3 Axes
 + Level 3.2 Armour
 + Level 0.4 Dodging
 + Level 0.1 Stealth
 + Level 3.4 Shields


You had 4 spell levels left.
You didn't know any spells.
Your spell library was empty.

Dungeon Overview and Level Annotations

Branches:
Dungeon (3/15)

Altars:
Hepliaklqana
Xom

Annotations:
D:3 Crazy Yiuf


Innate Abilities, Weirdness & Mutations

You have extremely sharp teeth.
Your natural rate of healing is unusually fast.
When hurt, damage is shared between your health and your magic reserves.
Your bite disrupts and absorbs the magic of your enemies.
Potions cannot restore your health.
You are immune to rotting.


Message History

Crazy Yiuf is almost dead.
* * * LOW HITPOINT WARNING * * *
You feel very sick.
Crazy Yiuf says, "Ice dark head!"
Crazy Yiuf zaps a wand.
The puff of flame hits you!
It is a wand of flame (40).
Crazy Yiuf says, "Crazy?
Crazy!?
PORCUPINE!"
Crazy Yiuf hits you but does no damage.
You barely miss Crazy Yiuf. Your bite misses Crazy Yiuf.
Crazy Yiuf is almost dead.
You feel sick. Crazy Yiuf barely misses you.
Crazy Yiuf zaps a wand.
The puff of flame hits you!
* * * LOW HITPOINT WARNING * * *
You hit Crazy Yiuf. Your bite misses Crazy Yiuf.
Crazy Yiuf is almost dead.
* * * LOW HITPOINT WARNING * * *
You feel sick.
Crazy Yiuf hits you with a quarterstaff of chaos.
* * * LOW HITPOINT WARNING * * *
Crazy Yiuf freezes you.
You die...

#...#........#.##.#########.....
#...########.#.##.# #..... #...#
######## ###.## ##.## ##### #.#
#.#### ##### #...#####.#
#....#### #..)# ###......>#
###.......# #...# #########
.......##.# #.g.# .##.##.##.##
#@# .##........# ♣♣.♣
.##....#..## ♣.♣♣ .##.##<#..#
♣♣.♣ ..........# ♣.♣♣
.##.####.### ♣♣.♣♣ .......#...#
♣...♣♣ ...........# ♣....♣
.......##..# ##..##


You could see Crazy Yiuf.

Vanquished Creatures
  Natasha (thrice) (D:3)
  An orc wizard (D:3)
  3 adders
  A leopard gecko (D:3)
  3 orcs (D:3)
  A ball python (D:1)
  A giant cockroach (D:1)
  6 goblins
  3 hobgoblins
  3 jackals (D:1)
  A quokka (D:3)
  6 bats
  4 frilled lizards
  9 kobolds
  5 rats
50 creatures vanquished.

Notes
Turn   | Place    | Note
-------+----------+-------------------------------------------
     0 | D:1      | Kairos the Vine Stalker Fighter began the quest for the Orb.
     0 | D:1      | Reached XP level 1. HP: 11/11 MP: 2/2
    88 | D:1      | Reached XP level 2. HP: 11/16 MP: 3/3
   472 | D:1      | Reached XP level 3. HP: 19/19 MP: 4/4
  1054 | D:2      | Found a hazy altar of Hepliaklqana.
  1633 | D:3      | Noticed Natasha
  1649 | D:3      | Killed Natasha
  1649 | D:3      | Gained mutation: Your natural rate of healing is unusually fast. [Vine Stalker growth]
  1649 | D:3      | Reached XP level 4. HP: 8/24 MP: 3/5
  1671 | D:3      | Noticed Natasha
  1698 | D:3      | Killed Natasha
  1908 | D:3      | Noticed Natasha
  1917 | D:3      | Killed Natasha
  1917 | D:3      | Reached XP level 5. HP: 6/28 MP: 2/6
  2430 | D:3      | Found a shimmering altar of Xom.
  2473 | D:3      | Found a runed door.
  2478 | D:3      | Noticed Crazy Yiuf
  2484 | D:3      | HP: 1/28 [Crazy Yiuf/quarterstaff of chaos (2)]
  2484 | D:3      | Slain by Crazy Yiuf

Vault maps used:
D:1:      lemuel_arrival_lava_pool
D:2:      old_standard_altar, hex_tiny
D:3:      kennysheep_flooded_box, uniq_natasha, uniq_crazy_yiuf_cottage

Skill      XL: |  1  2  3  4 |
---------------+-------------+-----
Axes           | 2 3 |  3.3
Shields        | 3 |  3.4
Fighting       | 3 |  3.2
Armour         | 3 |  3.2
Dodging        | |  0.4
Stealth        | |  0.1

Action                   |  1- 3 |  4- 6 || total
-------------------------+-------+-------++-------
Melee: War axe           |   105 |    56 ||   161
       Bite              |    25 |    15 ||    40
  Use: Scroll            |       |     3 ||     3
  Eat: Ration            |     1 |       ||     1
       Chunk             |       |     1 ||     1
Armor: Scale mail        |    27 |       ||    27
       Chain mail        |    20 |    19 ||    39
Dodge: Dodged            |    31 |    24 ||    55
Block: Shield            |    65 |    37 ||   102

Table legend:
 A = Spawn XP
 B = Non-spawn XP
 C = Spawn XP percentage of total XP
 D = Spawn monster count
 E = Non-spawn monster count
 F = Spawn count percentage of total count
 G = Total turns spent on level
                    A         B        C        D         E        F      G
               +---------+---------+-------+---------+---------+-------+---------
         Total |       0 |     251 |   0.0 |       0 |      50 |   0.0 |  2484
               +---------+---------+-------+---------+---------+-------+---------
           D:1 |       0 |      36 |   0.0 |       0 |      25 |   0.0 |   857
           D:2 |       0 |      35 |   0.0 |       0 |       8 |   0.0 |   583
           D:3 |       0 |     180 |   0.0 |       0 |      17 |   0.0 |  1044
               +---------+---------+-------+---------+---------+-------+---------
